 Dungeon Crawl Stone Soup version 0.31-a0-618-g7ca08c1ff9 (webtiles) character file.

Game seed: 6596230914842173654

619 DocEon the Cleaver (level 7, -8/85 HPs)
             Began as a Minotaur Berserker on Aug 22, 2023.
             Was a Priest of Trog.
             Mangled by a kobold brigand
             ... wielding a +2 whip of electrocution
              (14 damage)
             ... on level 5 of the Dungeon.
             The game lasted 00:03:00 (3316 turns).

DocEon the Cleaver (Minotaur Berserker)             Turns: 3316, Time: 00:03:00

Health: -8/85      AC: 13    Str: 21    XL:     7   Next: 21%
Magic:  6/6        EV:  6    Int:  4    God:    Trog [***...]
Gold:   196        SH:  0    Dex: 12    Spells: 6/6 levels left

rFire   . . .        l - -2 executioner's axe
rCold   . . .        (shield currently unavailable)
rNeg    . . .        o - +2 plate armour
rPois   .            (helmet restricted)
rElec   .            (no cloak)
rCorr   .            (no gloves)
SInv    .            (no boots)
Will    .....        (no amulet) Stlth
                     (no ring)
HPRegen 0.34/turn    (no ring)
MPRegen 0.10/turn

%: no passive effects
@: berserking, very quick
A: horns 2, retaliatory headbutt
a: Renounce Religion, Berserk, Trog's Hand


You were on level 5 of the Dungeon.
You worshipped Trog.
Trog was most pleased with you.
You visited 2 branches of the dungeon, and saw 6 of its levels.

You collected 197 gold pieces.
You spent 1 gold pieces at shops.

Inventory:

Hand Weapons
 e - a +0 war axe
 l - a -2 executioner's axe (weapon)
Armour
 o - a +2 plate armour (worn)
Talismans
 g - a flux talisman
 p - a beast talisman
Wands
 a - a wand of charming (12)
 b - a wand of iceblast (12)
Scrolls
 i - 3 scrolls of amnesia
 m - a scroll of teleportation
 n - a scroll of revelation
 q - a scroll of noise {unknown}
Potions
 c - a potion of degeneration {unknown}
 d - a potion of heal wounds
 f - 2 potions of mutation {unknown}
 h - a potion of might
 j - a potion of enlightenment {unknown}
 k - a potion of invisibility {unknown}
 r - a potion of brilliance {unknown}


   Skills:
 - Level 3.6 Fighting
 + Level 10.1 Axes
 - Level 2.4 Armour
 - Level 2.1 Dodging


You had 6 spell levels left.
You didn't know any spells.
Your spell library was empty.

Dungeon Overview and Level Annotations

Branches:
Dungeon (5/15)             Temple (1/1) D:4

Altars:
Ashenzari
Cheibriados
Dithmenos
Fedhas
Gozag
Hepliaklqana
Kikubaaqudgha
Makhleb
Nemelex Xobeh
Okawaru
Qazlal
Ru
Uskayaw
Vehumet
Wu Jian
Xom
Yredelemnul
Zin
The Shining One

Shops:
D:2 :   D:4 *


Innate Abilities, Weirdness & Mutations

You have a pair of horns on your head.
You reflexively headbutt those who attack you in melee.


Message History

The kobold brigand hits you but does no damage.
Unknown command.
You are too injured to fight recklessly!
Unknown command.
Unknown command.
You are too injured to fight recklessly!
You slash the kobold!
You kill the kobold!
Trog accepts your kill.
You slash the kobold brigand! You barely miss the kobold.
You feel sick. The kobold hits you with a +0 dagger.
The kobold brigand hits you with a +2 whip of electrocution!
* * * LOW HITPOINT WARNING * * *
The kobold hits you but does no damage.
The kobold brigand hits you but does no damage.
You closely miss the kobold brigand.
The kobold brigand is moderately wounded.
You slash the kobold!
You kill the kobold!
Trog accepts your kill.
You feel sick.
You are no longer poisoned.
The kobold brigand hits you with a +2 whip of electrocution.
* * * LOW HITPOINT WARNING * * *
You barely miss the kobold brigand.
The kobold brigand is moderately wounded.
The kobold brigand barely misses you. x2
A red film seems to cover your vision as you go berserk!
You feel yourself moving faster!
You feel mighty!
The kobold brigand hits you with a +2 whip of electrocution.
* * * LOW HITPOINT WARNING * * *
You barely miss the kobold brigand. You headbutt the kobold brigand!
The kobold brigand is almost dead.
The kobold brigand hits you but does no damage.
You barely miss the kobold brigand.
The kobold brigand is almost dead.
The kobold brigand hits you with a +2 whip of electrocution.
* * * LOW HITPOINT WARNING * * *
You are electrocuted!
You die...

#.........#..... .##.
#.......#####... ...
##........####.. ..
#...........
###.##.....###...
####...#.......# #..
.......$....)..#
#...K.....))#
#..)@.....#....#
#..)))...##....#
#.?............#
........#.###......
............. .......
......#.#..###.......
......###..# ......
..#


You could see a kobold brigand.

Vanquished Creatures
  An ogre (D:4)
  2 phantoms
  A howler monkey (D:4)
  An orc priest (D:3)
  Ijyb (D:4)
  A sleepcap (D:3)
  Natasha (twice) (D:2)
  An iguana (D:4)
  Terence (D:3)
  3 gnolls (D:5)
  3 adders
  3 worms
  4 dart slugs
  13 orcs
  5 ball pythons
  An endoplasm (D:2)
  A giant cockroach (D:4)
  6 goblins
  3 hobgoblins
  8 jackals (D:1)
  12 kobolds
  5 quokkas
  5 bats
  2 frilled lizards
  6 rats
91 creatures vanquished.

Notes
Turn   | Place    | Note
-------+----------+-------------------------------------------
     0 | D:1      | DocEon the Minotaur Berserker began the quest for the Orb.
     0 | D:1      | Reached XP level 1. HP: 19/19 MP: 0/0
    70 | D:1      | Reached skill level 4 in Axes
    78 | D:1      | Reached XP level 2. HP: 20/26 MP: 1/1
   279 | D:1      | Reached skill level 5 in Axes
   291 | D:1      | Found a faded altar of an unknown god.
   450 | D:1      | Reached ** piety under Trog
   454 | D:1      | Reached XP level 3. HP: 28/31 MP: 2/2
   684 | D:2      | Identified the +6 long sword "Kiepiq" {heavy, rC+ Str+3}
   783 | D:2      | Noticed Natasha
   792 | D:2      | Killed Natasha
  1112 | D:2      | Found a shimmering altar of Xom.
  1155 | D:2      | Found Codosout's Vocational Training.
  1228 | D:2      | Noticed Natasha
  1237 | D:2      | Killed Natasha
  1238 | D:2      | Reached skill level 6 in Axes
  1238 | D:2      | Reached XP level 4. HP: 33/39 MP: 3/3
  1510 | D:3      | Noticed a phantom
  1520 | D:3      | Killed a phantom
  1521 | D:3      | Reached skill level 7 in Axes
  1521 | D:3      | Reached XP level 5. HP: 45/45 MP: 4/4
  1588 | D:3      | Noticed Terence
  1592 | D:3      | Killed Terence
  1818 | D:3      | Reached skill level 8 in Axes
  1936 | D:3      | Reached XP level 6. HP: 51/51 MP: 5/5
  2052 | D:3      | Found a faded altar of an unknown god.
  2057 | D:3      | Found a glowing golden altar of the Shining One.
  2434 | D:4      | Noticed Ijyb
  2480 | D:4      | Killed Ijyb
  2553 | D:4      | Found Ugeydob's Lightly-Used Armoury.
  2557 | D:4      | Bought a -2 executioner's axe for 1 gold piece
  2560 | D:4      | Found a snail-covered altar of Cheibriados.
  2805 | D:4      | Reached skill level 9 in Axes
  3086 | D:4      | Found a staircase to the Ecumenical Temple.
  3092 | Temple   | Entered the Ecumenical Temple
  3117 | D:5      | Entered Level 5 of the Dungeon
  3119 | D:5      | Reached *** piety under Trog
  3171 | D:5      | Reached XP level 7. HP: 54/57 MP: 6/6
  3212 | D:5      | Reached skill level 10 in Axes
  3316 | D:5      | Mangled by a kobold brigand

Illustrated notes

Levels and vault maps discovered:
D:1:      dpeg_arrival_tiny_h, layout_loops_ring, basic_ecumenical_altar
D:2:      layout_basic, basic_altar, nicolae_shop_vocational, uniq_natasha
D:3:      layout_basic, nicolae_overflow_ecumenical_swirl,
          kennysheep_generic_room_12, uniq_terence
D:4:      layout_loops_ring, kennysheep_slug_shrine, minmay_temple_entry_fiery,
          minmay_shop_damaged, uniq_ijyb
D:5:      layout_cave_pools, nzn_overflow_gifts_of_might_and_magic,
          kennysheep_generic_room_6
Temple:   eino_temple_scatter_basement

Skill      XL: |  1  2  3  4  5  6  7 |
---------------+----------------------+-----
Axes           | 4 5 6 7 8 9 10 | 10.1
Fighting       | |  3.6
Armour         | |  2.4
Dodging        | |  2.1

Action                     |  1- 3 |  4- 6 |  7- 9 || total
---------------------------+-------+-------+-------++-------
  Melee: Hand axe          |    71 |    28 |       ||    99
         Headbutt          |     5 |    22 |     3 ||    30
         Punch             |     1 |       |       ||     1
         War axe           |       |    37 |       ||    37
         Executioner's axe |       |    53 |    17 ||    70
 Invoke: Berserk           |       |     3 |     1 ||     4
         Trog's Hand       |       |     1 |       ||     1
    Use: Scroll            |    11 |       |       ||    11
   Stab: Distracted        |     1 |       |       ||     1
 Armour: Animal skin       |    13 |       |       ||    13
         Plate armour      |     6 |    91 |    20 ||   117
  Dodge: Dodged            |    46 |    56 |    11 ||   113

Table legend: (Time is in decaauts)
 A = Elapsed time spent in this place.
 B = Non-inter-level travel time spent in this place.
 C = Inter-level travel time spent in this place.
 D = Time resting spent in this place.
 E = Time spent auto-exploring this place.
 F = Levels seen in this place.
 G = Mean time per level.
                   A        B        C        D        E       F      G
               +--------+--------+--------+--------+--------+-----+--------+
         Total |   3395 |   3309 |     86 |    295 |   2362 |   6 |  565.8 |
       Dungeon |   3394 |   3308 |     86 |    295 |   2362 |   5 |  678.8 |
        Temple |      1 |      1 |      0 |      0 |      0 |   1 |    1.0 |
               +--------+--------+--------+--------+--------+-----+--------+

Top non-repeatable levels by time:
     D:3: 961 daAuts
     D:2: 848 daAuts
     D:4: 706 daAuts
     D:1: 665 daAuts
     D:5: 211 daAuts
  Temple: 1 daAuts
